 Dungeon Crawl Stone Soup version 0.22.1-1-ga44c0e5 (webtiles) character file.

63 nightchill the Insei (level 4, -1/33 HPs)
             Began as a Merfolk Transmuter on Oct 28, 2018.
             Slain by an adder (2 damage)
             ... on level 2 of the Dungeon.
             The game lasted 00:07:22 (2077 turns).

nightchill the Insei (Merfolk Transmuter)           Turns: 2077, Time: 00:07:22

Health: -1/33      AC:  3    Str: 11    XL:     4   Next: 10%
Magic:  4/7        EV: 13    Int: 12    God:
Gold:   33         SH:  0    Dex: 14    Spells: 1/7 levels left

rFire    . . .     SeeInvis .     - Unarmed
rCold    . . .     Gourm    .   (no shield)
rNeg     . . .     Faith    .   b - +0 robe
rPois    .         Spirit   .   (no helmet)
rElec    .         Reflect  .   (no cloak)
rCorr    .         Harm     .   n - +0 pair of gloves
MR       .....                  (no boots)
Stlth    +.........             (no amulet)
HPRegen  0.11/turn              (no ring)
MPRegen  0.10/turn              (no ring)

@: lethally poisoned (-1 -> -6), appendage (expiring), flying, very slightly
contaminated
A: change form in water, swift swim, stealthy swim, horns 2
a: End Transformation


You were on level 2 of the Dungeon.
You were not hungry.
You had grown temporary horns.
You visited 1 branch of the dungeon, and saw 2 of its levels.

You collected 33 gold pieces.

Inventory:

Missiles
 a - 8 arrows
 g - 75 stones (quivered)
Armour
 b - a +0 robe (worn)
 m - a +0 shield
 n - a +0 pair of gloves (worn)
Jewellery
 f - an uncursed amulet of harm {unknown}
 p - an uncursed ring of positive energy {unknown}
Scrolls
 c - a scroll of identify {unknown}
 h - a scroll of magic mapping {unknown}
 i - a scroll of fog {unknown}
 j - 2 scrolls of enchant armour {unknown}
 k - 2 scrolls of teleportation {unknown}
 l - 2 scrolls of remove curse {unknown}
Comestibles
 d - 5 rations
 o - 4 chunks of flesh


   Skills:
 + Level 2.0 Fighting
 - Level 2.6 Dodging
 * Level 4.2 Unarmed Combat
 - Level 2.0 Spellcasting
 * Level 4.1 Transmutations


You had one spell level left.
You knew the following spells:

 Your Spells              Type           Power        Failure   Level  Hunger
a - Beastly Appendage     Tmut           ##....       4%          1    ##.....
b - Sticks to Snakes      Tmut           ##......     8%          2    ###....
c - Spider Form           Tmut/Pois      #.........   34%         3    ####...

Your spell library contained the following spells:

 Spells                   Type           Power        Failure   Level  Hunger
 Ice Form                 Ice/Tmut       #.......     75%         4    #####..
 Blade Hands              Tmut           ##........   80%         5    ######.


Dungeon Overview and Level Annotations

Branches:
Dungeon (2/15)

Altars:


Innate Abilities, Weirdness & Mutations

You revert to your normal form in water.
You are very nimble and swift while swimming.
You are very stealthy in the water. (Stealth+)
You have a pair of horns on your head.


Message History

Your adder misses the adder. You completely miss the adder.
The adder is heavily wounded.
* * * LOW HITPOINT WARNING * * *
You feel sick. The adder barely misses you.
Your adder closely misses the adder.
You hit the adder.
The adder is almost dead.
* * * LOW HITPOINT WARNING * * *
You feel sick. The adder barely misses you.
Your adder closely misses the adder.
You hit the adder but do no damage.
The adder is almost dead.
The adder barely misses you.
Your adder closely misses the adder.
The adder barely misses you.
You closely miss the adder. Your headbutt misses the adder.
The adder is almost dead.
* * * LOW HITPOINT WARNING * * *
You feel sick.
Your adder barely misses the adder.
The adder bites you.
You die...

#.##.#
###..#.## .#
....... .#
#...# .. #..#
#.# #..# #.#
##.# ##.# #.#
#..# ### ###
#÷###@.#
P.####.##
#....S.#
.#.#..#.##
#.###S.#
.#..#.#P.###.#
#..#
...P#P..#.##.#
#..#
P.......#P##.#
##.########
≈≈P.≈≈≈P...#.#
#.........
≈≈≈≈≈≈≈≈P..#.#
##.######
≈.≈≈≈.≈≈≈≈.#.#
#........


You could see an adder and a friendly adder.

Vanquished Creatures
  An adder (D:2)
  An ooze (D:1)
  4 dart slugs
  A leopard gecko (D:1)
  A bat (D:1)
  A giant cockroach (D:1)
  5 goblins
  5 hobgoblins (D:1)
  2 jackals (D:1)
  6 frilled lizards
  4 kobolds
  6 rats
37 creatures vanquished.

Vanquished Creatures (collateral kills)
  A gnoll (D:1)
1 creature vanquished.

Grand Total: 38 creatures vanquished

Notes
Turn   | Place    | Note
-------+----------+-------------------------------------------
     0 | D:1      | nightchill the Merfolk Transmuter began the quest for the
                  | Orb.
     0 | D:1      | Reached XP level 1. HP: 15/15 MP: 3/3
   276 | D:1      | Reached XP level 2. HP: 20/21 MP: 3/5
   370 | D:1      | Learned a level 2 spell: Sticks to Snakes
   536 | D:1      | Reached XP level 3. HP: 19/27 MP: 6/6
   773 | D:1      | Learned a level 3 spell: Spider Form
  1856 | D:2      | Reached XP level 4. HP: 30/33 MP: 5/7
  2077 | D:2      | HP: 1/33 [poisoned by an adder]
  2077 | D:2      | Slain by an adder

Skill      XL: |  1  2  3 |
---------------+----------+-----
Transmutations | 3 4 |  4.1
Unarmed Combat | 4 |  4.2
Fighting       | 2 |  2.0
Dodging        | |  2.6
Spellcasting   | |  2.0

Action                   |  1- 3 |  4- 6 || total
-------------------------+-------+-------++-------
Melee: Unarmed           |   119 |    12 ||   131
       Headbutt          |    10 |       ||    10
 Cast: Beastly Appendage |    16 |     3 ||    19
       Sticks to Snakes  |     3 |     1 ||     4
  Use: Potion            |       |     1 ||     1
 Stab: Sleeping          |     1 |       ||     1
  Eat: Chunk             |     4 |       ||     4
Armor: Robe              |     7 |     1 ||     8
Dodge: Dodged            |    80 |    11 ||    91
